 Dungeon Crawl Stone Soup version 0.32-a0-913-g739538afd8 (webtiles) character file.

Game seed: 9653087803278367453

184 Asagix the Chopper (level 5, -4/41 HPs)
             Began as a Demonspawn Gladiator on Apr 8, 2024.
             Was an Initiate of Yredelemnul.
             Killed by divine providence
             ... invoked by an orc priest
              (11 damage)
             ... on level 3 of the Dungeon.
             The game lasted 00:06:31 (1991 turns).

Asagix the Chopper (Demonspawn Gladiator)           Turns: 1991, Time: 00:06:32

Health: -4/41      AC: 12    Str: 16    XL:     5   Next: 36%
Magic:  5/5        EV:  7    Int:  8    God:    Yredelemnul [......]
Gold:   129        SH:  0    Dex: 15    Spells: 4/4 levels left

rFire   . . .        k - +3 rapier (vamp)
rCold   . . .        (no shield)
rNeg    . . .        f - +3 chain mail {Will+}
rPois   .            c - +0 helmet
rElec   .            (no cloak)
rCorr   .            (gloves unavailable)
SInv    .            (no boots)
Will    +....        (no amulet) Stlth
                     (no ring)
HPRegen 0.26/turn    (no ring)
MPRegen 0.09/turn

%: no passive effects
@: wreathed by umbra
A: claws 3, weakness stinger 1
a: Renounce Religion, Light the Black Torch, Recall Undead Harvest


You were on level 3 of the Dungeon.
You worshipped Yredelemnul.
Yredelemnul was noncommittal.
You visited 1 branch of the dungeon, and saw 3 of its levels.

You collected 129 gold pieces.

Inventory:

Hand Weapons
 a - a +0 war axe
 k - a +3 vampiric rapier (weapon)
 m - a +3 hand axe
Missiles
 d - 3 throwing nets (quivered)
 e - a javelin
Armour
 b - a +0 leather armour
 c - a +0 helmet (worn)
 f - a +3 chain mail of willpower (worn)
Magical Staves
 o - a staff of alchemy
Scrolls
 i - a scroll of torment {unknown}
 l - 2 scrolls of poison {unknown}
 n - a scroll of amnesia {unknown}
Potions
 h - a potion of haste {unknown}
 j - 2 potions of might {unknown}


   Skills:
 + Level 3.0 Fighting
 + Level 0.6 Short Blades
 + Level 3.8 Axes
 + Level 2.0 Throwing
 + Level 1.6 Armour
 + Level 3.4 Dodging


You had 4 spell levels left.
You didn't know any spells.
Your spell library was empty.

Dungeon Overview and Level Annotations

Branches:
Dungeon (3/15)

Altars:
Yredelemnul


Innate Abilities, Weirdness & Mutations

You have claws for hands.
You have a small tail.


Message History

An orc priest comes into view. It is wielding a +0 trident.
You swap places.
Things that are here:
a +0 flail; a staff of alchemy
o - a staff of alchemy The orc priest calls down the wrath of Beogh upon you.
Beogh smites you!
You swap places.
Your goblin zombie hits the orc but does no damage.
Your endoplasm zombie hits the orc but does no damage.
The orc priest mumbles some strange prayers to Beogh against you.
Beogh smites you! The orc barely misses you.
The orc closely misses your goblin zombie.
The orc hits your endoplasm zombie with a +0 hand axe.
Your goblin zombie hits the orc but does no damage.
The orc priest calls down the wrath of Beogh upon you.
Pain shoots through your body!
* * * LOW HITPOINT WARNING * * *
The orc attacks as it pursues you! The orc closely misses you.
You barely miss the orc priest. The orc priest closely misses you.
The orc hits you but does no damage.
The orc hits your goblin zombie but does no damage.
The orc hits your endoplasm zombie with a +0 hand axe.
Your endoplasm zombie is destroyed!
An orc priest comes into view. It is wielding a +0 hand axe.
Your goblin zombie hits the orc but does no damage.
The orc priest shouts!
You puncture the orc!
You kill the orc!
Their soul becomes fuel for the torch.
The dead are walking!
The orc priest hits your orc zombie with a +0 trident.
As you read the scroll labelled JOXKAEQUTI, it crumbles to dust.
It is a scroll of brand weapon.
Your +3 rapier thirsts for the lives of mortals!
k - a +3 vampiric rapier (weapon)
The orc priest mumbles some strange prayers to Beogh against you.
Beogh smites you!
You die...
Your body rises from the dead as a mindless zombie.

#.#
#.........#.#
#.#
#.##...####.##
#.# #.##...#
#..##
#.####.##...##
#o..##
#.............
.....
.......#######
#... ########
#..# #o.# #@Z#
#ZZ# #..#
######).#
#.......#
#.####.## #
#.# #.# #.#


You could see 2 orc priests, a friendly goblin zombie, a friendly hobgoblin
zombie and a friendly orc zombie.

Vanquished Creatures
  Terence (D:2)
  An orc wizard (D:3)
  6 adders
  3 dart slugs (D:1)
  A ribbon worm (D:2)
  5 orcs (D:3)
  6 bats
  9 endoplasms
  2 giant cockroaches (D:1)
  8 goblins
  7 hobgoblins
  2 jackals (D:3)
  2 ball pythons (D:2)
  4 frilled lizards
  5 kobolds
  5 rats
67 creatures vanquished.

Vanquished Creatures (others)
  An endoplasm zombie (D:3)
  A jackal zombie (D:3)
2 creatures vanquished.

Grand Total: 69 creatures vanquished

Notes
Turn   | Place    | Note
-------+----------+-------------------------------------------
     0 | D:1      | Asagix the Demonspawn Gladiator began the quest for the
                  | Orb.
     0 | D:1      | Reached XP level 1. HP: 16/16 MP: 1/1
   163 | D:1      | Discovered your monstrous ancestry.
   163 | D:1      | Gained mutation: You have sharp fingernails. [demonic
                  | ancestry]
   163 | D:1      | Reached XP level 2. HP: 18/22 MP: 2/2
   546 | D:1      | Gained mutation: You have very sharp fingernails. [demonic
                  | ancestry]
   546 | D:1      | Reached XP level 3. HP: 22/28 MP: 3/3
  1018 | D:2      | Noticed Terence
  1042 | D:2      | Killed Terence
  1043 | D:2      | Reached skill level 1 in Armour
  1043 | D:2      | Gained mutation: You have a small tail. [demonic ancestry]
  1043 | D:2      | Reached XP level 4. HP: 11/34 MP: 4/4
  1740 | D:3      | Gained mutation: You have claws for hands. [demonic
                  | ancestry]
  1740 | D:3      | Reached XP level 5. HP: 35/41 MP: 5/5
  1872 | D:3      | Found a basalt altar of Yredelemnul.
  1878 | D:3      | Became a worshipper of Yredelemnul the Fallen
  1991 | D:3      | Killed from afar by an orc priest

Illustrated notes

Levels and vault maps discovered:
D:1:      dpeg_arrival_tiny_a, layout_loops_cross, moated_statue, hex_medium,
          minmay_ruptured
D:2:      cheibrodos_old_hovel, layout_rooms, uniq_terence
D:3:      layout_loops_ring, mainiacjoe_overflow_alcove_2

Skill      XL: |  1  2  3  4 |
---------------+-------------+-----
Dodging        | 3 |  3.4
Throwing       | 2 |  2.0
Axes           | 3 |  3.8
Armour         | 1 |  1.6
Fighting       | 3 |  3.0
Short Blades   | |  0.6

Action                     |  1- 3 |  4- 6 || total
---------------------------+-------+-------++-------
  Melee: War axe           |   113 |    35 ||   148
         Rapier            |       |    74 ||    74
         Tailslap          |       |     9 ||     9
 Invoke: Light the Black T |       |     1 ||     1
    Use: Potion            |     2 |       ||     2
         Scroll            |       |     1 ||     1
 Armour: Leather armour    |   102 |       ||   102
         Chain mail        |       |   116 ||   116
  Dodge: Dodged            |    83 |    55 ||   138

Table legend: (Time is in decaauts)
 A = Elapsed time spent in this place.
 B = Non-inter-level travel time spent in this place.
 C = Inter-level travel time spent in this place.
 D = Time resting spent in this place.
 E = Time spent auto-exploring this place.
 F = Levels seen in this place.
 G = Mean time per level.
                   A        B        C        D        E       F      G
               +--------+--------+--------+--------+--------+-----+--------+
         Total |   2066 |   2066 |      0 |    180 |   1101 |   3 |  688.7 |
       Dungeon |   2066 |   2066 |      0 |    180 |   1101 |   3 |  688.7 |
               +--------+--------+--------+--------+--------+-----+--------+

Top non-repeatable levels by time:
     D:1: 955 daAuts
     D:2: 716 daAuts
     D:3: 394 daAuts
